 Dungeon Crawl Stone Soup version 0.23.2-33-g5129a83184 (webtiles) character file.

Game seed: 11269172896047279297

141 Folque the Charmwright (level 5, -1/41 HPs)
             Began as a Centaur Skald on July 8, 2019.
             Killed from afar by a white imp (13 damage)
             ... with a puff of frost
             ... summoned by Natasha
             ... on level 2 of the Dungeon.
             The game lasted 00:05:41 (2162 turns).

Folque the Charmwright (Centaur Skald)              Turns: 2162, Time: 00:05:42

Health: -1/41      AC:  6    Str: 13    XL:     5   Next: 3%
Magic:  4/8        EV:  9    Int: 13    God:
Gold:   40         SH:  0    Dex:  9    Spells: 0/8 levels left

rFire    . . .     SeeInvis .   a - +0 falchion
rCold    . . .     Gourm    .   (no shield)
rNeg     . . .     Faith    .   b - +0 leather armour
rPois    .         Spirit   .   q - +1 helmet
rElec    .         Reflect  .   (no cloak)
rCorr    .         Harm     .   (no gloves)
MR       .....                  (no barding)
Stlth    ..........             (no amulet)
HPRegen  0.13/turn              (no ring)
MPRegen  0.11/turn              (no ring)

@: shrouded, infused, very quick
A: large, hooves 3, deformed body, speed 2, tough skin 3
a: no special abilities


You were on level 2 of the Dungeon.
You were not hungry.

You visited 1 branch of the dungeon, and saw 2 of its levels.

You collected 40 gold pieces.

Inventory:

Hand Weapons
 a - a +0 falchion (weapon)
Armour
 b - a +0 leather armour (worn)
 q - a +1 helmet (worn)
 t - a +0 helmet
Jewellery
 h - an uncursed ring of flight {unknown}
 j - a +4 ring of slaying {unknown}
 l - an uncursed ring of protection from magic {unknown}
Scrolls
 c - a scroll of amnesia {unknown}
 e - a scroll of fog {unknown}
 g - a scroll of teleportation {unknown}
 k - a scroll of noise {unknown}
 n - a scroll of enchant armour {unknown}
 p - a scroll of immolation {unknown}
 r - a scroll of fear {unknown}
 s - a scroll of remove curse {unknown}
Potions
 f - a potion of curing {unknown}
 i - a potion of agility {unknown}
 m - 2 potions of heal wounds {unknown}
 o - a potion of brilliance {unknown}
Comestibles
 d - 4 rations
 u - 2 chunks of flesh


   Skills:
 - Level 2.0 Fighting
 + Level 3.5 Long Blades
 - Level 0.6 Armour
 - Level 1.3 Dodging
 * Level 2.3 Spellcasting
 + Level 0.0 Hexes
 - Level 3.6 Charms


You couldn't memorise any spells.
You knew the following spells:

 Your Spells              Type           Power        Failure   Level  Hunger
a - Infusion              Chrm           ##..         7%          1    ##.....
b - Shroud of Golubria    Chrm/Tloc      #.........   22%         2    ###....
c - Spectral Weapon       Hex/Chrm       #.......     41%         3    ####...
d - Song of Slaying       Chrm           ##......     11%         2    ###....

Your spell library contained the following spells:

 Spells                   Type           Power        Failure   Level  Hunger
 Regeneration             Chrm/Necr      #.........   41%         3    ####...


Dungeon Overview and Level Annotations

Branches:
Dungeon (2/15)

Altars:

Annotations:
D:2 Natasha


Innate Abilities, Weirdness & Mutations

You have hooves in place of feet.
Armour fits poorly on your strangely shaped body.
You cover ground very quickly.
You have extremely tough skin. (AC +3)


Message History

Natasha claws you but does no damage.
You hit Natasha.
Natasha is severely wounded.
Natasha casts a spell.
You miss Natasha.
Natasha is severely wounded.
Natasha stares at you and mumbles some strange words.
The magic dart hits you. The white imp barely misses you.
Casting: Infusion (safe; 7% risk of failure)
Confirm with . or Enter, or press ? or * to list all spells.
Space distorts slightly along a thin shroud covering your body.
Natasha closely misses you. The white imp gestures at you.
The puff of frost hits you.
* * * LOW HITPOINT WARNING * * *
You completely miss Natasha.
Natasha is severely wounded.
Natasha casts a spell.
The white imp gestures at you. The puff of frost hits you!
You die...

############...########.##
####............### #..#
.....############ ##.#
###### #.# ### #.## #.#
##### #..# ##########.###
#...# ##.#
.>...........###h..# #.###
##########.#...#@..#
#...## # #.....55..#
###..# #....
.....#####...# #<...> ..#
####.# #...# #..... ###
#.# #...###### #...รท. #
#.# #........# ##..## ##
#.# ####.....# #.## .##
#.# ####.....# #.# ..###
#.# .........# ##.#


You could see Natasha and 2 white imps.

Vanquished Creatures
  Terence (D:1)
  Robin (D:2)
  5 adders
  2 oozes
  A dart slug (D:1)
  2 leopard geckos (D:1)
  11 goblins
  9 hobgoblins
  3 bats (D:1)
  4 frilled lizards
  6 kobolds
  3 rats
48 creatures vanquished.

Notes
Turn   | Place    | Note
-------+----------+-------------------------------------------
     0 | D:1      | Folque the Centaur Skald began the quest for the Orb.
     0 | D:1      | Reached XP level 1. HP: 17/17 MP: 3/3
   100 | D:1      | Reached XP level 2. HP: 18/24 MP: 1/4
   335 | D:1      | Learned a level 2 spell: Shroud of Golubria
   490 | D:1      | Reached XP level 3. HP: 11/29 MP: 1/5
   972 | D:2      | Noticed Terence
  1340 | D:2      | Learned a level 3 spell: Spectral Weapon
  1421 | D:2      | Noticed Robin
  1438 | D:2      | Reached XP level 4. HP: 27/36 MP: 2/7
  1516 | D:1      | Killed Terence
  1732 | D:2      | Killed Robin
  2068 | D:1      | Reached XP level 5. HP: 26/41 MP: 2/8
  2130 | D:1      | Learned a level 2 spell: Song of Slaying
  2153 | D:2      | Noticed Natasha
  2162 | D:2      | Killed from afar by a white imp

Skill      XL: |  1  2  3 |
---------------+----------+-----
Long Blades    | 2 3 |  3.5
Charms         | 3 |  3.6
Spellcasting   | 2 |  2.3
Fighting       | |  2.0
Armour         | |  0.6
Dodging        | |  1.3

Action                   |  1- 3 |  4- 6 || total
-------------------------+-------+-------++-------
Melee: Falchion          |   106 |    43 ||   149
       Kick              |    16 |     5 ||    21
 Cast: Infusion          |     5 |     3 ||     8
       Shroud of Golubri |     3 |     3 ||     6
       Spectral Weapon   |       |     1 ||     1
  Eat: Chunk             |     1 |     3 ||     4
Armor: Leather armour    |    40 |    26 ||    66
Dodge: Dodged            |    51 |    30 ||    81
       Rpst.: Falchion   |    18 |    12 ||    30
